 Dungeon Crawl Stone Soup version 0.28.0-45-g0d030f2227 (webtiles) character file.

Game seed: 609021834664336236

1806 dianekeaton the Grappler (level 8, -1/67 HPs)
             Began as a Troll Hedge Wizard on Apr 12, 2022.
             Was a Believer of Okawaru.
             Killed from afar by a steam dragon (15 damage)
             ... with a ball of steam
             ... on level 7 of the Dungeon.
             The game lasted 00:31:11 (8643 turns).

dianekeaton the Grappler (Troll Hedge Wizard)       Turns: 8643, Time: 00:31:12

Health: -1/67      AC:  4    Str: 19    XL:     8   Next: 84%
Magic:  8/10       EV:  9    Int: 12    God:    Okawaru [**....]
Gold:   281        SH:  0    Dex:  9    Spells: 7/11 levels left

rFire   . . .      SeeInvis .     - Unarmed
rCold   . . .      Faith    .   (no shield)
rNeg    . . .      Spirit   .   b - +0 robe
rPois   .          Reflect  .   c - +0 hat
rElec   .          Harm     .   (no cloak)
rCorr   .          Rampage  .   (gloves unavailable)
Will    .....                   (boots unavailable)
Stlth   +.........              (no amulet)
HPRegen 1.01/turn               (no ring)
MPRegen 0.12/turn               (no ring)

@: about to teleport
A: large, unfitting armour, claws 3, regeneration 1, shaggy fur 1, tough skin 1
a: Renounce Religion, Heroism


You were on level 7 of the Dungeon.
You worshipped Okawaru.
Okawaru was pleased with you.
You visited 2 branches of the dungeon, and saw 8 of its levels.
You also visited: Ossuary.

You collected 281 gold pieces.

Inventory:

Hand Weapons
 a - a +0 dagger of chaos
Missiles
 f - 2 throwing nets
Armour
 b - a +0 robe (worn)
 c - a +0 hat (worn)
Magical Staves
 n - a staff of conjuration
Jewellery
 e - a ring of fire
 k - a ring of protection from cold
 o - an amulet of faith
Scrolls
 g - 2 scrolls of blinking
 j - a scroll of silence
 l - 4 scrolls of identify
 t - 2 scrolls of teleportation
Potions
 d - a potion of invisibility
 h - 2 potions of curing
 i - 2 potions of ambrosia
 m - a potion of cancellation {unknown}
 p - 2 potions of attraction
 q - a potion of mutation
 r - 2 potions of flight
 s - a potion of haste


   Skills:
 - Level 1.5 Dodging
 - Level 1.0 Stealth
 + Level 8.3 Unarmed Combat
 - Level 2.0 Spellcasting
 * Level 4.6 Conjurations
 - Level 0.6 Summonings
 - Level 0.6 Translocations
 + Level 0.2 Ice Magic
 * Level 2.9 Air Magic


You had 7 spell levels left.
You knew the following spells:

 Your Spells              Type           Power      Damage    Failure   Level
a - Magic Dart            Conj           48%        1d5       4%          1
b - Mephitic Cloud        Conj/Pois/Air  7%         N/A       28%         3

Your spell library contained the following spells:

 Spells                   Type           Power      Damage    Failure   Level
 Corpse Rot               Necr/Air       8%         N/A       22%         2
 Slow                     Hex            4%         N/A       26%         1
 Blink                    Tloc           4%         N/A       32%         2
 Conjure Flame            Conj/Fire      6%         6-21      32%         3
 Ignite Poison            Fire/Tmut/Pois 1%         N/A       63%         3
 Sticky Flame             Conj/Fire      6%         2d3       71%         4
 Dispel Undead            Necr           1%         3d6       95%         4
 Conjure Ball Lightning   Conj/Air       5%         3x3d6     100%        6
 Discord                  Hex            0%         N/A       100%        8
 Disjunction              Tloc           1%         N/A       100%        8
 Call Imp                 Summ           Unusable   N/A       N/A         2
 Death Channel            Necr           Unusable   N/A       N/A         6

Dungeon Overview and Level Annotations

Branches:
Dungeon (7/15)             Temple (1/1) D:4         Ossuary (visited)

Altars:
Cheibriados
Dithmenos
Gozag
Okawaru
Qazlal
Ru
Trog
Vehumet
Wu Jian
Xom

Shops:
D:5 (

Annotations:
D:7 Harold


Innate Abilities, Weirdness & Mutations

You are too large for most types of armour.
You have claws for hands.
Your natural rate of healing is unusually fast.
You are covered in fur. (AC +1)
You have tough skin. (AC +1)


Message History

The ball of steam hits you!!
You can't see any susceptible monsters within range! (Use Z to cast anyway.)
You are engulfed in a cloud of scalding steam.
A steam dragon is nearby!
The magic dart hits the steam dragon but does no damage.
The steam dragon is lightly wounded.
The magic dart hits the steam dragon.
The steam dragon is lightly wounded.
The steam dragon breathes steam at you. The ball of steam hits you!
You barely miss the steam dragon.
The steam dragon is lightly wounded.
You are engulfed in a cloud of scalding steam.
You feel better.
You are engulfed in a cloud of scalding steam.
The steam dragon bites you but does no damage.
The steam dragon closely misses you.
You scratch the steam dragon.
The steam dragon is moderately wounded.
The steam dragon bites you. The steam dragon barely misses you.
You barely miss the steam dragon.
The steam dragon is moderately wounded.
The steam dragon bites you!
The steam dragon claws you but does no damage.
You barely miss the steam dragon.
The steam dragon is moderately wounded.
The steam dragon bites you!
* * * LOW HITPOINT WARNING * * *
The steam dragon claws you.
* * * LOW HITPOINT WARNING * * *
You feel better. The steam dragon barely misses you.
The steam dragon claws you.
* * * LOW HITPOINT WARNING * * *
As you read the scroll of teleportation, it crumbles to dust.
You feel strangely unstable. The steam dragon barely misses you.
The steam dragon claws you.
* * * LOW HITPOINT WARNING * * *
The steam dragon breathes steam at you. The ball of steam hits you!
You die...

#.# #.# #.# #.# *,*
#.# *,* #.# *,* #.#
*,* #.# *,* #.# *,*
#.# *,* #@# ********,*
#§# ,,,,,,**,* #D#
......#*,#######.#####
......#*,...D.§......#
......#*,#############
......#*** ......#
......#


You could see a steam dragon (catching breath).

Vanquished Creatures
  Eustachio (D:5)
  Edmund (D:5)
  A water moccasin (D:7)
  A black bear (D:4)
  2 ice beasts
  A sky beast (D:5)
  2 necrophages (D:6)
  A kobold brigand (D:7)
  4 scorpions (D:5)
  2 howler monkeys
  A bullfrog zombie (D:6)
  A hound (D:4)
  Jessica (D:2)
  Natasha (thrice) (D:2)
  A hound zombie (D:5)
  A hound skeleton (D:4)
  A mummy (Ossuary)
  9 gnolls
  6 adders
  A shadow imp (D:5)
  A white imp (D:7)
  An ufetubus (D:6)
  An adder skeleton (D:4)
  3 worms
  4 dart slugs
  10 orcs
  4 spectral bats (Ossuary)
  6 ball pythons
  5 endoplasms
  8 giant cockroaches
  6 gnoll zombies (Ossuary)
  7 goblins
  A hobgoblin (D:3)
  11 jackals
  2 quokkas (D:2)
  6 bats
  3 bat simulacra (Ossuary)
  4 frilled lizards
  A goblin simulacrum (Ossuary)
  4 goblin zombies (Ossuary)
  2 hobgoblin zombies (Ossuary)
  19 kobolds
  5 kobold simulacra (Ossuary)
  7 kobold zombies (Ossuary)
  5 orc zombies (Ossuary)
  3 rats
  2 rat simulacra (Ossuary)
  6 spectral goblins (Ossuary)
  2 spectral kobolds (Ossuary)
  5 spectral rats (Ossuary)
185 creatures vanquished.

Notes
Turn   | Place    | Note
-------+----------+-------------------------------------------
     0 | D:1      | dianekeaton the Troll Hedge Wizard began the quest for the
                  | Orb.
     0 | D:1      | Reached XP level 1. HP: 16/16 MP: 2/2
    45 | D:1      | Reached skill level 1 in Unarmed Combat
   280 | D:1      | Reached XP level 2. HP: 24/24 MP: 2/4
   361 | D:1      | Reached skill level 2 in Unarmed Combat
   749 | D:1      | Reached XP level 3. HP: 31/31 MP: 3/5
   880 | D:1      | Reached skill level 3 in Unarmed Combat
   882 | D:1      | Found a faded altar of an unknown god.
  1269 | D:2      | Noticed Natasha
  1275 | D:2      | Killed Natasha
  1276 | D:2      | Reached skill level 4 in Unarmed Combat
  1276 | D:2      | Reached XP level 4. HP: 38/39 MP: 0/6
  1377 | D:2      | Noticed Natasha
  1397 | D:2      | Killed Natasha
  1669 | D:2      | Noticed Natasha
  1675 | D:2      | Killed Natasha
  1676 | D:2      | Reached XP level 5. HP: 41/45 MP: 7/7
  1728 | D:2      | Learned a level 3 spell: Mephitic Cloud
  1735 | D:2      | Reached skill level 5 in Unarmed Combat
  1957 | D:2      | Noticed Jessica
  1964 | D:2      | Killed Jessica
  2084 | D:2      | Reached skill level 1 in Conjurations
  3224 | D:3      | Reached skill level 1 in Air Magic
  3372 | D:4      | Reached XP level 6. HP: 52/53 MP: 8/8
  3434 | D:4      | Found a staircase to the Ecumenical Temple.
  3462 | Temple   | Entered the Ecumenical Temple
  3474 | Temple   | Became a worshipper of Warmaster Okawaru
  3858 | D:4      | Found a shadowy altar of Dithmenos.
  4037 | D:4      | Found a stormy altar of Qazlal.
  4127 | D:4      | Found a bloodstained altar of Trog.
  4447 | D:5      | Entered Level 5 of the Dungeon
  4490 | D:5      | Noticed a sky beast
  4515 | D:5      | Killed a sky beast
  4515 | D:5      | Reached * piety under Okawaru
  4516 | D:5      | Reached XP level 7. HP: 50/59 MP: 9/9
  4854 | D:5      | Found a radiant altar of Vehumet.
  4858 | D:5      | Noticed Eustachio
  4892 | D:6      | Reached skill level 6 in Unarmed Combat
  5401 | D:6      | Found an ornate altar of the Wu Jian Council.
  5764 | D:7      | Reached ** piety under Okawaru
  5790 | D:7      | Found a sand-covered staircase.
  5805 | Ossuary  | Entered an ossuary
  6695 | D:7      | Reached XP level 8. HP: 58/65 MP: 10/10
  7171 | D:7      | Noticed Harold
  7245 | D:5      | Reached skill level 7 in Unarmed Combat
  7274 | D:5      | Noticed Edmund
  7285 | D:5      | Killed Edmund
  7362 | D:5      | Found a sacrificial altar of Ru.
  8136 | D:5      | Killed Eustachio
  8137 | D:5      | Reached skill level 8 in Unarmed Combat
  8213 | D:5      | Found Yzeik's Weapon Emporium.
  8643 | D:7      | Killed from afar by a steam dragon

Illustrated notes

Levels and vault maps discovered:
D:1:      dpeg_arrival_leaves_temple_mockup, layout_basic,
          basic_ecumenical_altar
D:2:      layout_loops_ring, st_stairs_5, minmay_tetromino_t2, uniq_natasha,
          uniq_jessica
D:3:      layout_rooms, nicolae_elevator_lobby_asterisk
D:4:      layout_rooms, nicolae_dithmenos_shadow_blocks,
          nicolae_qazlal_scattered_showers, lightli_temple_of_fire,
          minmay_temple_entry_waves
D:5:      layout_basic, overflow_temple_1_default, lemuel_crystal_altar,
          serial_shops, shop, chequers_garden, uniq_edmund, uniq_eustachio
D:6:      layout_gridville, nicolae_wu_jian_glorious_leap,
          corexii_item_surrounded_by_moat, minmay_misc_feat_ornament,
          minmay_strange_pillars
D:7:      layout_basic, lemuel_coloured_pillars_altar,
          nicolae_ossuary_entry_false_entrances, uniq_harold
Temple:   compressed_dpeg_triangle_lava_temple

Skill      XL: |  1  2  3  4  5  6  7  8 |
---------------+-------------------------+-----
Unarmed Combat | 1 2 4 5 6 8 |  8.3
Conjurations   | 1 2 3 4 |  4.6
Air Magic      | 1 2 |  2.9
Dodging        | |  1.5
Stealth        | |  1.0
Spellcasting   | |  2.0
Summonings     | |  0.6
Translocations | |  0.6
Ice Magic      | |  0.2

Action                   |  1- 3 |  4- 6 |  7- 9 || total
-------------------------+-------+-------+-------++-------
Melee: Unarmed           |    84 |   119 |   240 ||   443
       Punch             |       |     1 |    10 ||    11
 Cast: Magic Dart        |    39 |   111 |   120 ||   270
  Use: Scroll            |       |     8 |    11 ||    19
       Potion            |       |     3 |     7 ||    10
 Stab: Sleeping          |     1 |       |     3 ||     4
Armor: Robe              |    47 |    52 |    74 ||   173
Dodge: Dodged            |    58 |    56 |   102 ||   216
